AoeStats
← Toxic

Nomad

510155615Analyzed
4v4 RM · 3d ago on Sep 29, 2026· 40m 24s· 8 players
Game mode
Random Map
Map size
231×231
Population
200
Speed
Normal
Resources
Standard
Victory
Conquest
Starting age
Dark Age
Ending age
Imperial Age
RankedLock teamsTeams togetherTeam positionsShared explorationLock speedFull tech treeHidden civsTurbo modeCheats
Victory
Defeat
🇨🇳 Poles · China
952
+14
🇨🇳 Burgundians · China
897
+16
🇮🇳 Gurjaras · India
886
+17
🇨🇿 Persians · Czechia
866
+18
🇬🇧 Maya · United Kingdom
940
-18
🇷🇺 Aztecs · Russia
918
-17
🇨🇿 Celts · Czechia
903
-16
🇦🇷 Goths · Argentina
863
-14
rzR^
18:24 Feudal Age
19:01 Double-Bit Axe
20:50 Fishing Lines
24:19 Castle Age
26:26 Gold Mining
26:49 Bow Saw
28:15 Loom
29:05 Gillnets
29:41 Stone Mining
34:02 Pikeman
37:16 Forging
37:07 Scale Mail Armor
41:40 Imperial Age
39:48 Wheelbarrow
Naghadatha
4:11 Loom
19:24 Feudal Age
19:38 Man-at-Arms
24:34 Castle Age
22:41 Double-Bit Axe
22:51 Stone Mining
24:41 Fletching
24:57 Scale Barding Armor
25:02 Gold Mining
25:32 Medium Warships
36:43 Imperial Age
34:53 Forging
35:15 Ballistics
38:20 Imperial Age
38:02 Bloodlines
39:12 Fishing Lines
abcd312
9:43 Loom
11:34 Double-Bit Axe
13:01 Fishing Lines
17:04 Feudal Age
15:57 Horse Collar
17:34 Town Watch
18:25 Wheelbarrow
18:25 Heavy Plow
19:37 Gillnets
20:04 Bow Saw
22:33 Stone Mining
23:05 Hand Cart
29:00 Castle Age
32:17 Castle Age
35:35 Gold Mining
37:17 Gold Shaft Mining
42:27 Imperial Age
41:15 Stone Shaft Mining
1530937567
6:18 Loom
15:25 Feudal Age
20:59 Castle Age
18:54 Horse Collar
19:23 Double-Bit Axe
33:40 Imperial Age
31:51 Szlachta Privileges
31:47 Gold Mining
32:25 Forging
32:46 Husbandry
32:57 Bloodlines
34:30 Iron Casting
34:00 Scale Barding Armor
33:56 Cavalier
34:23 Town Watch
35:14 Wheelbarrow
36:31 Stone Mining
37:17 Capped Ram
40:06 Blast Furnace
39:27 Chain Barding Armor
38:56 Siege Ram
41:33 Stone Shaft Mining
41:01 Heavy Plow
Doofy69
9:20 Loom
14:43 Feudal Age
16:07 Town Watch
19:12 Castle Age
17:35 Stone Mining
19:16 Double-Bit Axe
20:39 Bow Saw
20:37 Horse Collar
21:45 Fletching
30:24 Bodkin Arrow
31:49 Heavy Plow
32:07 Padded Archer Armor
35:59 Leather Archer Armor
40:01 Imperial Age
40:37 Ballistics
fergasn13
11:49 Loom
16:01 Feudal Age
16:26 Man-at-Arms
19:11 Wheelbarrow
18:56 Scale Mail Armor
19:55 Fishing Lines
20:52 Gold Mining
20:51 Double-Bit Axe
22:32 Forging
22:28 Scale Barding Armor
26:45 Castle Age
25:06 Fletching
25:17 Padded Archer Armor
27:09 Demolition Ship
28:32 Crossbowman
29:30 Husbandry
30:41 Light Cavalry
33:46 Horse Collar
34:18 Bow Saw
34:47 Gold Shaft Mining
36:36 Heavy Plow
36:56 Hand Cart
38:35 Town Watch
Mko
Toxic
13:44 Feudal Age
19:48 Castle Age
19:03 Man-at-Arms
20:47 Long Swordsman
Connection lost

Rejoining the realm…

Still unreachable

The connection could not be restored.

Session expired

The server has moved on; the page needs a fresh start.